MLB
OAKLAND ATHLETICS @ CHICAGO WHITE SOX
06/21/2018
 
TOP OF THE 1ST
Oakland Athletics batting - Pitching for Chicago White Sox : LHP Dillon Peters
Pitching: LHP Dillon Peters
Batting: RHB DJ LeMahieu 0-0: Called Strike
0-1: SINGLE (Line Drive, 8RS)
Batting: SHB Kaleb Cowart 0-0: Ball
1-0: Called Strike
1-1: Ball
2-1: Ball
3-1: Base on Balls
DJ LeMahieu to second
Batting: LHB Didi Gregorius 0-0: Called Strike
0-1: Ball
1-1: Ball
2-1: Called Strike
2-2: Foul Ball, location: 2F
2-2: Foul Ball, location: 2F
2-2: Fly out, F6 (Popup, 56)
Batting: RHB Paul Goldschmidt 0-0: Called Strike
0-1: Ball
1-1: Foul Ball, location: 2F
1-2: Ball
2-2: Ball
3-2: Base on Balls
DJ LeMahieu to third
Kaleb Cowart to second
Batting: RHB Rhys Hoskins 0-0: Called Strike
0-1: Foul Ball, location: 2F
0-2: Foul Ball, location: 2F
0-2: Ball
1-2: Ball
2-2: Foul Ball, location: 2F
2-2: SINGLE (Flyball, 89S)
DJ LeMahieu scores
Kaleb Cowart to third
Paul Goldschmidt to second
Runner from 3rd tries for Home, SAFE, no throw by CF
Batting: RHB Guillermo Heredia 0-0: Ball
1-0: SINGLE (Line Drive, 7S)
Paul Goldschmidt to third
Rhys Hoskins to second
Runner from 3rd tries for Home, SAFE, no throw by LF
Batting: SHB Marwin Gonzalez 0-0: Called Strike
0-1: SINGLE (Groundball, 34D)
Rhys Hoskins to third
Guillermo Heredia to second
Runner from 3rd tries for Home, SAFE, throw by RF to home
Batting: LHB Herschel Powell 0-0: SINGLE (Groundball, 6MD)
Guillermo Heredia to third
Marwin Gonzalez to second
Runner from 3rd tries for Home, SAFE, throw by CF to home
Batting: RHB Cam Gallagher 0-0: Called Strike
0-1: Called Strike
0-2: Ball
1-2: Strikes out swinging
Batting: RHB DJ LeMahieu 0-0: Ball
1-0: Ball
2-0: Ball
3-0: Called Strike
3-1: Base on Balls
Marwin Gonzalez to third
Herschel Powell to second
Batting: SHB Kaleb Cowart 0-0: Ball
1-0: Swinging Strike
1-1: Swinging Strike
1-2: Ball
2-2: Ball
3-2: Ground out 4-3 (Groundball, 4)
Top of the 1st over - 5 runs, 5 hits, 0 errors, 3 left on base; Oakland 5 - Chicago 0
BOTTOM OF THE 1ST
Chicago White Sox batting - Pitching for Oakland Athletics : LHP Gio Gonzalez
Pitching: LHP Gio Gonzalez
Batting: LHB Michael Brantley 0-0: Swinging Strike
0-1: Ball
1-1: Foul Ball, location: 2F
1-2: Foul Ball, location: 2F
1-2: Ball
2-2: Fly out, F8 (Flyball, 8LXD)
Batting: RHB Justin Turner 0-0: Called Strike
0-1: Called Strike
0-2: Ball
1-2: Fly out, F9 (Flyball, 9S)
Batting: LHB Charlie Blackmon 0-0: Ball
1-0: Swinging Strike
1-1: Foul Ball, location: 2F
1-2: Strikes out swinging
Bottom of the 1st over - 0 runs, 0 hits, 0 errors, 0 left on base; Oakland 5 - Chicago 0
TOP OF THE 2ND
Oakland Athletics batting - Pitching for Chicago White Sox : LHP Dillon Peters
Batting: LHB Didi Gregorius 0-0: SOLO HOME RUN (Flyball, 9D), Distance : 374 ft
Batting: RHB Paul Goldschmidt 0-0: Called Strike
0-1: Ball
1-1: SINGLE (Line Drive, 89M)
Batting: RHB Rhys Hoskins 0-0: Grounds into double play, 4-6-3 (Groundball, 4)
Batting: RHB Guillermo Heredia 0-0: Swinging Strike
0-1: Ball
1-1: Foul Ball, location: 2F
1-2: Strikes out looking
Top of the 2nd over - 1 run, 2 hits, 0 errors, 0 left on base; Oakland 6 - Chicago 0
BOTTOM OF THE 2ND
Chicago White Sox batting - Pitching for Oakland Athletics : LHP Gio Gonzalez
Batting: RHB J.D. Martinez 0-0: Ball
1-0: Fly out, F3 (Popup, 3SF)
Batting: LHB Daniel Murphy 0-0: Foul Ball, location: 2F
0-1: Ball
1-1: Ball
2-1: Foul Ball, location: 2F
2-2: Foul Ball, location: 2F
2-2: Strikes out swinging
Batting: RHB Jonathan Lucroy 0-0: TRIPLE (Flyball, 89XD)
Batting: LHB Corey Seager 0-0: Ball
1-0: Ball
Wild Pitch!
Jonathan Lucroy scores
2-0: Ball
3-0: Called Strike
3-1: Swinging Strike
3-2: Strikes out looking
Bottom of the 2nd over - 1 run, 1 hit, 0 errors, 0 left on base; Oakland 6 - Chicago 1
TOP OF THE 3RD
Oakland Athletics batting - Pitching for Chicago White Sox : LHP Dillon Peters
Batting: SHB Marwin Gonzalez 0-0: Ball
1-0: DOUBLE (Line Drive, 7LS)
Batting: LHB Herschel Powell 0-0: Swinging Strike
0-1: Foul Ball, location: 2F
0-2: Hit by Pitch
Batting: RHB Cam Gallagher 0-0: SINGLE (Line Drive, 34D)
Marwin Gonzalez to third
Herschel Powell to second
Batting: RHB DJ LeMahieu 0-0: Ball
1-0: Foul Ball, location: 2F
1-1: Ball
2-1: Foul Ball, location: 2F
2-2: Foul Ball, location: 2F
2-2: Fly out, F8 (Flyball, 8RS)
Batting: SHB Kaleb Cowart 0-0: Called Strike
0-1: Swinging Strike
0-2: Ball
1-2: Grounds into double play, 4-6-3 (Groundball, 4)
Top of the 3rd over - 0 runs, 2 hits, 0 errors, 2 left on base; Oakland 6 - Chicago 1
BOTTOM OF THE 3RD
Chicago White Sox batting - Pitching for Oakland Athletics : LHP Gio Gonzalez
Batting: LHB Brandon Belt 0-0: Foul Ball, location: 2F
0-1: Swinging Strike
0-2: Ball
1-2: Foul Ball, location: 2F
1-2: Ball
2-2: Ball
3-2: Foul Ball, location: 2F
3-2: Base on Balls
Batting: LHB Marco Hernandez 0-0: Ball
Brandon Belt steals 2nd base
1-0: Ball
Wild Pitch!
Brandon Belt to third
2-0: Ground out 1-3 (Groundball, 15S)
Batting: LHB Michael Brantley 0-0: Called Strike
0-1: Swinging Strike
0-2: Strikes out swinging
Batting: RHB Justin Turner 0-0: SINGLE (Line Drive, 34D)
Brandon Belt scores
Batting: LHB Charlie Blackmon 0-0: Fly out, F9 (Line Drive, 9D)
Bottom of the 3rd over - 1 run, 1 hit, 0 errors, 1 left on base; Oakland 6 - Chicago 2
TOP OF THE 4TH
Oakland Athletics batting - Pitching for Chicago White Sox : LHP Dillon Peters
Batting: LHB Didi Gregorius 0-0: SINGLE (Line Drive, 8LS)
Batting: RHB Paul Goldschmidt 0-0: Ball
1-0: Called Strike
1-1: Called Strike
1-2: Foul Ball, location: 2F
1-2: Foul Ball, location: 2F
1-2: Strikes out swinging
Batting: RHB Rhys Hoskins 0-0: Ball
1-0: Ball
2-0: Ball
3-0: Base on Balls
Didi Gregorius to second
Batting: RHB Guillermo Heredia 0-0: Ball
1-0: Grounds into double play, 6-4-3 (Groundball, 6M)
Top of the 4th over - 0 runs, 1 hit, 0 errors, 1 left on base; Oakland 6 - Chicago 2
BOTTOM OF THE 4TH
Chicago White Sox batting - Pitching for Oakland Athletics : LHP Gio Gonzalez
Batting: RHB J.D. Martinez 0-0: Called Strike
0-1: SINGLE (Groundball, 56D)
Batting: LHB Daniel Murphy 0-0: Grounds into double play, 4-6-3 (Groundball, 4)
Batting: RHB Jonathan Lucroy 0-0: Called Strike
0-1: Foul Ball, location: 2F
0-2: Ball
1-2: Ball
2-2: SINGLE (Groundball, 6MD)
Batting: LHB Corey Seager 0-0: Ball
1-0: Foul Ball, location: 2F
1-1: Ball
2-1: Ball
3-1: Fly out, F7 (Flyball, 78D)
Bottom of the 4th over - 0 runs, 2 hits, 0 errors, 1 left on base; Oakland 6 - Chicago 2
TOP OF THE 5TH
Oakland Athletics batting - Pitching for Chicago White Sox : LHP Dillon Peters
Pitching: RHP Antonio Senzatela
Batting: SHB Marwin Gonzalez 0-0: Ball
1-0: Ball
2-0: Called Strike
2-1: Ground out 4-3 (Groundball, 4)
Batting: LHB Herschel Powell 0-0: Ball
1-0: Called Strike
1-1: Foul Ball, location: 2F
1-2: Foul Ball, location: 2F
1-2: Ball
2-2: Foul Ball, location: 2F
2-2: Ball
3-2: Ground out 6-3 (Groundball, 6M)
Batting: RHB Cam Gallagher 0-0: SINGLE (Groundball, 6D)
Batting: RHB DJ LeMahieu 0-0: Swinging Strike
0-1: DOUBLE (Line Drive, 9LS)
Cam Gallagher to third
Runner from 3rd tries for Home, SAFE, no throw by RF
Batting: SHB Kaleb Cowart 0-0: Called Strike
0-1: Fly out, F8 (Flyball, 8LXD)
Top of the 5th over - 1 run, 2 hits, 0 errors, 1 left on base; Oakland 7 - Chicago 2
BOTTOM OF THE 5TH
Chicago White Sox batting - Pitching for Oakland Athletics : LHP Gio Gonzalez
Batting: LHB Brandon Belt 0-0: Called Strike
0-1: Ball
1-1: Foul Ball, location: 2F
1-2: SINGLE (Line Drive, 7LS)
Batting: LHB Marco Hernandez 0-0: Called Strike
0-1: Ball
1-1: SINGLE (Line Drive, 6D)
Brandon Belt to second
Batting: LHB Michael Brantley 0-0: SINGLE (Flyball, 78S)
Brandon Belt to third
Marco Hernandez to second
Runner from 3rd tries for Home, SAFE, throw by LF to home
Batting: RHB Justin Turner 0-0: Reached on error, E4 (Groundball, 34)
Marco Hernandez to third
Michael Brantley to second
Batting: LHB Charlie Blackmon 0-0: Foul Ball, location: 2F
0-1: Ball
1-1: Swinging Strike
1-2: Ball
2-2: Strikes out swinging
Batting: RHB J.D. Martinez 0-0: Ground out 6-3 (Groundball, 6S)
Marco Hernandez scores
Michael Brantley to third
Justin Turner to second
Batting: LHB Daniel Murphy 0-0: Called Strike
0-1: Called Strike
0-2: Strikes out swinging
Bottom of the 5th over - 2 runs, 3 hits, 1 error, 2 left on base; Oakland 7 - Chicago 4
TOP OF THE 6TH
Oakland Athletics batting - Pitching for Chicago White Sox : RHP Antonio Senzatela
Batting: LHB Didi Gregorius 0-0: Called Strike
0-1: Foul Ball, location: 2F
0-2: Ground out 4-3 (Groundball, 4)
Batting: RHB Paul Goldschmidt 0-0: Called Strike
0-1: DOUBLE (Line Drive, 8LXD)
Batting: RHB Rhys Hoskins 0-0: Ball
1-0: Ball
2-0: Foul Ball, location: 2F
2-1: Ball
3-1: Foul Ball, location: 2F
3-2: DOUBLE (Flyball, 89D)
Paul Goldschmidt scores
Pitching: LHP Richard Lovelady
Batting: RHB Guillermo Heredia 0-0: Ball
1-0: Ball
2-0: Called Strike
2-1: Ball
3-1: Base on Balls
Batting: SHB Marwin Gonzalez 0-0: Swinging Strike
0-1: Grounds into double play, 5-4-3 (Groundball, 56S)
Top of the 6th over - 1 run, 2 hits, 0 errors, 1 left on base; Oakland 8 - Chicago 4
BOTTOM OF THE 6TH
Chicago White Sox batting - Pitching for Oakland Athletics : LHP Gio Gonzalez
Batting: RHB Jonathan Lucroy 0-0: Ground out 1-3 (Groundball, 34S)
Batting: LHB Corey Seager 0-0: Swinging Strike
0-1: Foul Ball, location: 2F
0-2: Foul Ball, location: 2F
0-2: Ball
1-2: Ball
2-2: Foul Ball, location: 2F
2-2: Ball
3-2: DOUBLE (Line Drive, 8LXD)
Batting: LHB Brandon Belt 0-0: Ball
1-0: Ground out U3 (Groundball, 3)
Corey Seager to third
Batting: LHB Marco Hernandez 0-0: Ball
1-0: Ground out 4-3 (Groundball, 4M)
Bottom of the 6th over - 0 runs, 1 hit, 0 errors, 1 left on base; Oakland 8 - Chicago 4
TOP OF THE 7TH
Oakland Athletics batting - Pitching for Chicago White Sox : LHP Richard Lovelady
Batting: LHB Herschel Powell 0-0: Fly out, F4 (Line Drive, 4)
Batting: RHB Cam Gallagher 0-0: Foul Ball, location: 2F
0-1: DOUBLE (Flyball, 9LD)
Batting: RHB DJ LeMahieu 0-0: Fly out, F4 (Line Drive, 4)
Batting: SHB Kaleb Cowart 0-0: Ball
1-0: Ball
2-0: Ball
3-0: Base on Balls
Batting: LHB Didi Gregorius 0-0: Fly out, F9 (Line Drive, 9)
Top of the 7th over - 0 runs, 1 hit, 0 errors, 2 left on base; Oakland 8 - Chicago 4
BOTTOM OF THE 7TH
Chicago White Sox batting - Pitching for Oakland Athletics : LHP Gio Gonzalez
Pitching: RHP Matt Barnes
Batting: LHB Michael Brantley 0-0: Foul Ball, location: 2F
0-1: DOUBLE (Line Drive, 7LS)
Batting: RHB Justin Turner 0-0: Called Strike
0-1: Ball
1-1: Ball
2-1: Foul Ball, location: 2F
2-2: Ball
3-2: Strikes out swinging
Batting: LHB Charlie Blackmon 0-0: Ball
1-0: Called Strike
1-1: Ball
2-1: Swinging Strike
2-2: Strikes out looking
Batting: RHB J.D. Martinez 0-0: Ball
1-0: Swinging Strike
1-1: DOUBLE (Line Drive, 3D)
Michael Brantley scores
Batting: LHB Daniel Murphy 0-0: Foul Ball, location: 2F
0-1: Ball
1-1: Foul Ball, location: 2F
1-2: Fly out, F7 (Flyball, 78M)
Bottom of the 7th over - 1 run, 2 hits, 0 errors, 1 left on base; Oakland 8 - Chicago 5
TOP OF THE 8TH
Oakland Athletics batting - Pitching for Chicago White Sox : LHP Richard Lovelady
Pitching: LHP Jose Alvarado
Batting: RHB Paul Goldschmidt 0-0: Called Strike
0-1: Foul Ball, location: 2F
0-2: Ball
1-2: Ball
2-2: Ball
3-2: Foul Ball, location: 2F
3-2: Foul Ball, location: 2F
3-2: Foul Ball, location: 2F
3-2: Base on Balls
Batting: RHB Rhys Hoskins 0-0: Called Strike
0-1: Swinging Strike
0-2: Ball
1-2: SINGLE (Flyball, 9LS)
Paul Goldschmidt to second
Runner from 2nd tries for 3rd, SAFE, no throw by RF
Batting: RHB Guillermo Heredia 0-0: Ball
1-0: Ball
2-0: Called Strike
2-1: Foul Ball, location: 2F
2-2: Ball
3-2: SINGLE (Groundball, 56D)
Paul Goldschmidt scores
Rhys Hoskins to second
Rhys Hoskins to third
Pitching: LHP Brian Clark
Batting: SHB Marwin Gonzalez 0-0: Ball
1-0: Called Strike
1-1: Foul Ball, location: 2F
1-2: Strikes out swinging
Batting: LHB Herschel Powell 0-0: Ball
1-0: Called Strike
1-1: Foul Ball, location: 2F
1-2: 3-RUN HOME RUN (Line Drive, 78XD), Distance : 397 ft
Batting: RHB Cam Gallagher 0-0: Ball
1-0: SINGLE (Groundball, 56D)
Batting: RHB DJ LeMahieu 0-0: Grounds into double play, 4-6-3 (Groundball, 4S)
Top of the 8th over - 4 runs, 4 hits, 0 errors, 0 left on base; Oakland 12 - Chicago 5
BOTTOM OF THE 8TH
Chicago White Sox batting - Pitching for Oakland Athletics : RHP Matt Barnes
Batting: RHB Jonathan Lucroy 0-0: Ball
1-0: Ball
2-0: Ball
3-0: Fly out, F8 (Line Drive, 8RM)
Batting: LHB Corey Seager 0-0: Ball
1-0: Foul Ball, location: 2F
1-1: Ball
2-1: Ball
3-1: Swinging Strike
3-2: Foul Ball, location: 2F
3-2: Foul Ball, location: 2F
3-2: Base on Balls
Batting: LHB Brandon Belt 0-0: Ball
1-0: Ball
2-0: Ball
3-0: Base on Balls
Corey Seager to second
Pitching: RHP Chasen Bradford
Batting: LHB Marco Hernandez 0-0: Ball
1-0: Foul Ball, location: 2F
1-1: Swinging Strike
1-2: Strikes out looking
Batting: LHB Michael Brantley 0-0: Ball
1-0: Called Strike
1-1: Foul Ball, location: 2F
1-2: Foul Ball, location: 2F
1-2: 3-RUN HOME RUN (Flyball, 78XD), Distance : 408 ft
Batting: RHB Justin Turner 0-0: Called Strike
0-1: Called Strike
0-2: Foul Ball, location: 2F
0-2: Fly out, F2 (Popup, 23F)
Bottom of the 8th over - 3 runs, 1 hit, 0 errors, 0 left on base; Oakland 12 - Chicago 8
TOP OF THE 9TH
Oakland Athletics batting - Pitching for Chicago White Sox : LHP Brian Clark
Pitching: RHP Trevor Gott
Batting: SHB Kaleb Cowart 0-0: Ball
1-0: Ball
2-0: Foul Ball, location: 2F
2-1: Foul Ball, location: 2F
2-2: Strikes out swinging
Batting: LHB Didi Gregorius 0-0: Fly out, F8 (Flyball, 8LM)
Batting: RHB Paul Goldschmidt 0-0: Ball
1-0: Ball
2-0: Foul Ball, location: 2F
2-1: Ball
3-1: Foul Ball, location: 2F
3-2: Ground out 4-3 (Groundball, 34)
Top of the 9th over - 0 runs, 0 hits, 0 errors, 0 left on base; Oakland 12 - Chicago 8
BOTTOM OF THE 9TH
Chicago White Sox batting - Pitching for Oakland Athletics : RHP Chasen Bradford
Pitching: RHP Craig Kimbrel
Batting: LHB Charlie Blackmon 0-0: Ball
1-0: Ground out U3 (Groundball, 34)
Batting: RHB J.D. Martinez 0-0: Ball
1-0: Ball
2-0: Ball
3-0: Called Strike
3-1: Foul Ball, location: 2F
3-2: Fly out, F8 (Flyball, 8LD)
Batting: LHB Daniel Murphy 0-0: Foul Ball, location: 2F
0-1: Called Strike
0-2: Foul Ball, location: 2F
0-2: Foul Ball, location: 2F
0-2: Foul Ball, location: 2F
0-2: Ball
1-2: SINGLE (Line Drive, 7S)
Batting: RHB Jonathan Lucroy 0-0: Foul Ball, location: 2F
0-1: Ball
1-1: Fly out, F8 (Line Drive, 8RD)
Bottom of the 9th over - 0 runs, 1 hit, 0 errors, 1 left on base; Oakland 12 - Chicago 8
Wednesday, August 29th, 2018 - OOTP Baseball 19.8 Build 79